 Dungeon Crawl Stone Soup version 0.28-a0-313-gbc0475efdd (webtiles) character file.

Game seed: 6834687340481781884

113 frimble the Chiller (level 4, -1/32 HPs)
             Began as a Gnoll Ice Elementalist on Sept 1, 2021.
             Slain by an orc wizard (3 damage)
             ... on level 3 of the Dungeon.
             The game lasted 00:03:01 (3952 turns).

frimble the Chiller (Gnoll Ice Elementalist)        Turns: 3952, Time: 00:03:01

Health: -1/32      AC:  2    Str:  7    XL:     4   Next: 96%
Magic:  10/11      EV: 13    Int: 15    God:
Gold:   167        SH:  0    Dex: 13    Spells: 6/13 levels left

rFire   . . .      SeeInvis .   f - +0 falchion
rCold   . . .      Faith    .   (no shield)
rNeg    . . .      Spirit   .   a - +0 robe
rPois   .          Reflect  .   (no helmet)
rElec   .          Harm     .   (no cloak)
rCorr   .          Rampage  .   (no gloves)
Will    .....                   (no boots)
Stlth   +++.......              (no amulet)
HPRegen 0.10/turn               (no ring)
MPRegen 0.12/turn               (no ring)

@: on berserk cooldown
A: fangs 1, strong nose, distributed training
a: no special abilities


You were on level 3 of the Dungeon.
You visited 1 branch of the dungeon, and saw 4 of its levels.

You collected 167 gold pieces.

Inventory:

Hand Weapons
 f - a +0 falchion (weapon)
Missiles
 e - 35 poisoned darts
Armour
 a - a +0 robe (worn)
Jewellery
 g - a +4 ring of evasion
Scrolls
 h - a scroll of enchant armour {unknown}


   Skills:
 + Level 1.3 Fighting
 + Level 1.3 Short Blades
 + Level 1.3 Long Blades
 + Level 1.3 Axes
 + Level 1.3 Maces & Flails
 + Level 1.3 Polearms
 + Level 1.3 Staves
 + Level 1.3 Slings
 + Level 1.3 Bows
 + Level 1.3 Crossbows
 + Level 1.3 Throwing
 + Level 1.3 Armour
 + Level 4.7 Dodging
 + Level 4.3 Stealth
 + Level 1.3 Shields
 + Level 1.3 Unarmed Combat
 + Level 5.1 Spellcasting
 + Level 1.0 Conjurations
 + Level 1.0 Hexes
 + Level 1.0 Summonings
 + Level 1.0 Necromancy
 + Level 1.0 Translocations
 + Level 1.0 Transmutations
 + Level 1.0 Fire Magic
 + Level 7.1 Ice Magic
 + Level 1.0 Air Magic
 + Level 1.0 Earth Magic
 + Level 1.0 Poison Magic
 + Level 1.4 Invocations
 + Level 1.3 Evocations


You had 6 spell levels left.
You knew the following spells:

 Your Spells              Type           Power      Damage    Failure   Level
a - Freeze                Ice            100%       1d11      1%          1
b - Frozen Ramparts       Ice            50%        1d7       2%          3
c - Ozocubu's Armour      Ice            25%        N/A       2%          3

Your spell library contained the following spells:

 Spells                   Type           Power      Damage    Failure   Level
 Hailstorm                Conj/Ice       16%        3d6       28%         4


Dungeon Overview and Level Annotations

Branches:
Dungeon (4/15)
 Temple: D:4-7

Altars:
Yredelemnul

Annotations:
D:3 1 runed translucent door , fire gap


Innate Abilities, Weirdness & Mutations

You have very sharp teeth.
Your uncanny sense of smell can sniff out nearby items.
Your experience applies equally to all skills.


Message History

Something hits you but does no damage. x2
You cannot move. (Use ctrl+direction or * direction to attack without moving.)
You cannot move. (Use ctrl+direction or * direction to attack without moving.)
You cannot move. (Use ctrl+direction or * direction to attack without moving.)
You cannot move. (Use ctrl+direction or * direction to attack without moving.)
You cannot move. (Use ctrl+direction or * direction to attack without moving.)
You cannot move. (Use ctrl+direction or * direction to attack without moving.)
You cannot move. (Use ctrl+direction or * direction to attack without moving.)
There is a strange disturbance nearby!
You cannot move. (Use ctrl+direction or * direction to attack without moving.) Unknown command.
You barely miss something. You miss something.
Something hits you but does no damage. x2
You barely miss something.
Something hits you but does no damage. x2
You miss something. Something hits you but does no damage. Something hits you.
* * * LOW HITPOINT WARNING * * *
You swing at nothing.
Something hits you but does no damage. x2
You swing at nothing.
You feel a strong urge to attack something.
You swing at nothing.
You feel less confused.
You are no longer berserk.
You are exhausted.
You feel yourself slow down.
You hear some strange, mumbled words.
A puff of flame appears from out of thin air!
The puff of flame hits you.
* * * LOW HITPOINT WARNING * * *
Something hits you.
* * * LOW HITPOINT WARNING * * *
It was a potion of cancellation.
Your magical effects are unravelling.
You feel magically purged.
You feel less wooden.
Your +0 robe unmelds from your body.
You feel yourself speed up. Something barely misses you.
You hear some strange, mumbled words.
Something tries to affect you, but you resist.
Something hits you.
You die...

######## #......# #############
.......# ##.....#.....## .......#
##.........>...##
#......###.....{{...[....#
#.###...##......@........#
#.+p#.#..#...............# #
#.###.#..#...............### #
#.....#..#...............#.## ##
........................##..# #.
........#.##.....#....)##...####.
###...#.#.###.#########<..#.##...
##..###.#.....# #####..###..#.##
...####.#..#### #.<...## ##.#.#


There were no monsters in sight!

Vanquished Creatures
  4 adders (D:2)
  A gnoll (D:1)
  2 dart slugs
  2 orcs (D:4)
  3 bats
  8 endoplasms
  4 giant cockroaches (D:2)
  5 goblins
  6 hobgoblins
  2 jackals (D:2)
  5 kobolds
  3 quokkas
  4 ball pythons
  2 frilled lizards (D:2)
  6 rats
57 creatures vanquished.

Notes
Turn   | Place    | Note
-------+----------+-------------------------------------------
     0 | D:1      | frimble the Gnoll Ice Elementalist began the quest for the
                  | Orb.
     0 | D:1      | Reached XP level 1. HP: 13/13 MP: 6/6
   514 | D:1      | Reached XP level 2. HP: 9/19 MP: 4/7
  1391 | D:1      | Reached skill level 5 in Spellcasting
  1391 | D:1      | Reached XP level 3. HP: 14/25 MP: 4/9
  1780 | D:2      | Reached skill level 1 in Invocations
  2282 | D:2      | Reached skill level 1 in Fighting
  2282 | D:2      | Reached skill level 1 in Short Blades
  2282 | D:2      | Reached skill level 1 in Long Blades
  2282 | D:2      | Reached skill level 1 in Axes
  2282 | D:2      | Reached skill level 1 in Maces & Flails
  2282 | D:2      | Reached skill level 1 in Polearms
  2282 | D:2      | Reached skill level 1 in Staves
  2282 | D:2      | Reached skill level 1 in Slings
  2282 | D:2      | Reached skill level 1 in Bows
  2282 | D:2      | Reached skill level 1 in Crossbows
  2282 | D:2      | Reached skill level 1 in Throwing
  2282 | D:2      | Reached skill level 1 in Armour
  2282 | D:2      | Reached skill level 1 in Shields
  2282 | D:2      | Reached skill level 1 in Unarmed Combat
  2282 | D:2      | Reached skill level 1 in Evocations
  2353 | D:2      | Reached XP level 4. HP: 29/32 MP: 8/11
  2409 | D:2      | Learned a level 3 spell: Frozen Ramparts
  2413 | D:2      | Learned a level 3 spell: Ozocubu's Armour
  2994 | D:2      | Reached skill level 1 in Conjurations
  2994 | D:2      | Reached skill level 1 in Hexes
  2994 | D:2      | Reached skill level 1 in Summonings
  2994 | D:2      | Reached skill level 1 in Necromancy
  2994 | D:2      | Reached skill level 1 in Translocations
  2994 | D:2      | Reached skill level 1 in Transmutations
  2994 | D:2      | Reached skill level 1 in Fire Magic
  2994 | D:2      | Reached skill level 1 in Air Magic
  2994 | D:2      | Reached skill level 1 in Earth Magic
  2994 | D:2      | Reached skill level 1 in Poison Magic
  3858 | D:3      | Noticed a human
  3859 | D:3      | Found a runed translucent door.
  3861 | D:3      | Found a basalt altar of Yredelemnul.
  3952 | D:3      | Slain by an orc wizard

Illustrated notes

Levels and vault maps discovered:
D:1:      co_arrival_square_in_a_square_in_a_square, layout_rooms,
          minmay_tromino_mix6
D:2:      layout_basic, wander_ebering_terrifying_dragon_lair
D:3:      layout_rooms, dk_yredelemnul_ordeal, serial_glass, glass_columns_c,
          glass_columns_b, glass_columns_c, glass_columns_a, lemuel_flame_loot_1
D:4:      minmay_inner_zag, layout_cave_pools, hex_tiny, uniq_ijyb

Skill      XL: |  1  2  3  4 |
---------------+-------------+-----
Spellcasting   | 5 |  5.1
Invocations    | 1 |  1.4
Fighting       | 1 |  1.3
Short Blades   | 1 |  1.3
Long Blades    | 1 |  1.3
Axes           | 1 |  1.3
Maces & Flails | 1 |  1.3
Polearms       | 1 |  1.3
Staves         | 1 |  1.3
Slings         | 1 |  1.3
Bows           | 1 |  1.3
Crossbows      | 1 |  1.3
Throwing       | 1 |  1.3
Armour         | 1 |  1.3
Shields        | 1 |  1.3
Unarmed Combat | 1 |  1.3
Evocations     | 1 |  1.3
Conjurations   | 1 |  1.0
Hexes          | 1 |  1.0
Summonings     | 1 |  1.0
Necromancy     | 1 |  1.0
Translocations | 1 |  1.0
Transmutations | 1 |  1.0
Fire Magic     | 1 |  1.0
Air Magic      | 1 |  1.0
Earth Magic    | 1 |  1.0
Poison Magic   | 1 |  1.0
Dodging        | |  4.7
Stealth        | |  4.3
Ice Magic      | |  7.1

Action                   |  1- 3 |  4- 6 || total
-------------------------+-------+-------++-------
Melee: Unarmed           |    54 |       ||    54
       Bite              |     4 |     4 ||     8
       Falchion          |    56 |    58 ||   114
       Punch             |     1 |     1 ||     2
 Cast: Freeze            |    26 |     2 ||    28
       Frozen Ramparts   |       |     4 ||     4
  Use: Scroll            |     3 |     3 ||     6
       Potion            |       |     3 ||     3
 Stab: Sleeping          |     6 |     4 ||    10
Armor: Robe              |    17 |     9 ||    26
       Skin              |       |    10 ||    10
Dodge: Dodged            |    90 |    39 ||   129

Table legend: (Time is in decaauts)
 A = Elapsed time spent in this place.
 B = Non-inter-level travel time spent in this place.
 C = Inter-level travel time spent in this place.
 D = Time resting spent in this place.
 E = Time spent auto-exploring this place.
 F = Levels seen in this place.
 G = Mean time per level.
                   A        B        C        D        E       F      G
               +--------+--------+--------+--------+--------+-----+--------+
         Total |   3977 |   3892 |     85 |      0 |   3383 |   4 |  994.2 |
       Dungeon |   3977 |   3892 |     85 |      0 |   3383 |   4 |  994.2 |
               +--------+--------+--------+--------+--------+-----+--------+

Top non-repeatable levels by time:
     D:2: 1806 daAuts
     D:1: 1648 daAuts
     D:3: 515 daAuts
     D:4: 8 daAuts
